 Dungeon Crawl Stone Soup version 0.30.1 (webtiles) character file.

Game seed: 2554004991462369107

18 Graphine the Ducker (level 2, -2/23 HPs)
             Began as a Merfolk Gladiator on July 3, 2023.
             Was an Initiate of Dithmenos.
             Slain by Sigmund
             ... wielding a +0 scythe
              (10 damage)
             ... on level 2 of the Dungeon.
             The game lasted 00:02:53 (877 turns).

Graphine the Ducker (Merfolk Gladiator)              Turns: 877, Time: 00:03:01

Health: -2/23      AC:  5    Str: 14    XL:     2   Next: 70%
Magic:  2/2        EV: 10    Int:  7    God:    Dithmenos [......]
Gold:   71         SH:  0    Dex: 15    Spells: 1/1 levels left

rFire   . . .        a - +0 long sword
rCold   . . .        (no shield)
rNeg    . . .        b - +0 leather armour
rPois   .            c - +0 helmet
rElec   .            f - +0 cloak
rCorr   .            (no gloves)
SInv    .            (no boots)
Will    .....        (no amulet)
Stlth   +            (no ring)
HPRegen 0.23/turn    (no ring)
MPRegen 0.08/turn

%: no passive effects
@: constricted
A: (nimble swimmer 2), mertail
a: Renounce Religion


You were on level 2 of the Dungeon.
You worshipped Dithmenos.
Dithmenos was noncommittal.
You visited 1 branch of the dungeon, and saw 2 of its levels.

You collected 71 gold pieces.

Inventory:

Hand Weapons
 a - a +0 long sword (weapon)
Missiles
 d - a throwing net (quivered)
 e - a javelin
 i - 4 boomerangs
Armour
 b - a +0 leather armour (worn)
 c - a +0 helmet (worn)
 f - a +0 cloak (worn)
Magical Staves
 l - a staff of conjuration
Potions
 g - a potion of heal wounds
 h - a potion of ambrosia {unknown}


   Skills:
 + Level 2.3 Fighting
 * Level 4.0 Long Blades
 * Level 2.3 Throwing
 * Level 4.4 Dodging
 * Level 0.0 Invocations


You had one spell level left.
You didn't know any spells.
Your spell library was empty.

Dungeon Overview and Level Annotations

Branches:
Dungeon (2/15)

Altars:
Dithmenos

Annotations:
D:2 Sigmund


Innate Abilities, Weirdness & Mutations

((You are very nimble when in or above water. (Stealth+, EV+, Speed+++)))
Your lower body shifts to a powerful aquatic tail in water.


Message History

You are confused.
Sigmund struggles against the net.
You are too confused!
You are too confused!
Sigmund gestures at you while chanting. You resist with significant effort.
Sigmund struggles against the net.
Sigmund struggles against the net.
Sigmund struggles against the net.
You feel less confused.
Sigmund struggles against the net.
The net rips apart, and Sigmund comes free!
Sigmund gestures at you while chanting.
You are confused.
A ball python comes into view.
The ball python hisses angrily.
Sigmund gestures wildly while chanting.
Sigmund flickers and vanishes!
Deactivating autopickup; reactivate with Ctrl-A.
You hear some strange, mumbled words.
Something tries to affect you, but you resist.
You bump into the rock wall.
You feel less confused.
A puff of flame appears from out of thin air!
The puff of flame hits you. The ball python bites you.
The ball python misses you. Something hits you but does no damage.
The ball python closely misses you. x2
You closely miss the ball python.
The ball python bites you but does no damage.
The ball python barely misses you.
You barely miss the ball python. The ball python closely misses you.
The ball python grabs you. The ball python constricts you. Something hits you!
The ball python misses you. The ball python constricts you.
Throw: 2 throwing nets
Press: ? - help, Q - select action, (/) - cycle Shift-Dir - straight line, f - ball python
Aim: a ball python (constricting you, 57% to hit)
You throw a throwing net. The throwing net hits the ball python.
The ball python is caught in the net!
Something hits you!
You die...

.....................
#.......#.########.#. .
#............# #.#. #......#
#............# #.#.
#......###............# #.#.
#..............######## #.#.
#..............# #.#. #
#..............######## #.#.
#.. #.........#@##.........
#.
#...##..........S...........
..
#.........######.##.########
## ##........######.##.#
...... #...............##.#
...... #...............##.#
..... #...............##.#
.... ###............##...
... #......####### ... . #.


You could see a ball python (caught).

Vanquished Creatures
  2 endoplasms (D:1)
  A goblin (D:1)
  3 hobgoblins (D:1)
  3 jackals (D:1)
  3 ball pythons (D:1)
  4 rats
16 creatures vanquished.

Notes
Turn   | Place    | Note
-------+----------+-------------------------------------------
     0 | D:1      | Graphine the Merfolk Gladiator began the quest for the Orb.
     0 | D:1      | Reached XP level 1. HP: 16/16 MP: 1/1
   249 | D:1      | Reached XP level 2. HP: 22/22 MP: 2/2
   741 | D:2      | Found a shadowy altar of Dithmenos.
   756 | D:2      | Became a worshipper of Dithmenos the Shadowed
   847 | D:2      | Noticed Sigmund
   877 | D:2      | Slain by Sigmund

Illustrated notes

Levels and vault maps discovered:
D:1:      dpeg_arrival_brainrot, layout_basic, minmay_misc_feat_x,
          amcnicky_mini_pool_small, minivault_11
D:2:      layout_basic, basic_altar, uniq_sigmund

Skill      XL: |  1  2 |
---------------+-------+-----
Long Blades    | 4 |  4.0
Fighting       | |  2.3
Throwing       | |  2.3
Dodging        | |  4.4

Action                     || total
---------------------------++-------
  Melee: Long sword        ||    34
  Throw: Stone             ||     7
         Throwing net      ||     2
    Use: Scroll            ||     5
 Armour: Leather armour    ||    13
  Dodge: Dodged            ||    24
